 Dungeon Crawl Stone Soup version 0.19.0-22-gd96e5fe (webtiles) character file.

405 Melicamp the Covert (level 6, 0/28 HPs)
             Began as a Spriggan Enchanter on Nov 19, 2016.
             Killed by nerve-wracking pain
             ... invoked by a shadow imp
              (11 damage)
             ... on level 5 of the Dungeon.
             The game lasted 00:25:26 (5655 turns).

Melicamp the Covert (Spriggan Enchanter)            Turns: 5655, Time: 00:25:27

Health: 0/28       AC:  3    Str:  4    XL:     6   Next: 56%
Magic:  3/12       EV: 19    Int: 16    God:
Gold:   192        SH:  0    Dex: 24    Spells: 3 memorised, 5 levels left

rFire  . . .     SeeInvis +     p - +0 rapier
rCold  . . .     Gourm    .     b - +1 robe
rNeg   . . .     Faith    .     (shield restricted)
rPois  +         Spirit   .     (helmet restricted)
rElec  .         Reflect  .     (no cloak)
rCorr  .         Harm     .     (gloves unavailable)
MR     +....                    (boots unavailable)
Stlth  ++++......               l - amulet of magic regeneration
                                o - ring of poison resistance
                                s - +5 ring of dexterity

@: very quick
A: unfitting armour, see invisible, herbivore 3, speed 3, slow metabolism 2
a: no special abilities


You were on level 5 of the Dungeon.
You were not hungry.

You visited 1 branch of the dungeon, and saw 5 of its levels.

You collected 192 gold pieces.

Inventory:

Hand Weapons
 a - a +2 dagger
 p - a +0 rapier (weapon)
Armour
 b - a +1 robe (worn)
Jewellery
 e - an uncursed ring of resist corrosion
 l - an amulet of magic regeneration (around neck)
 o - a ring of poison resistance (right hand)
 s - a +5 ring of dexterity (left hand)
Scrolls
 j - a scroll of noise
 k - 3 scrolls of remove curse
 u - a scroll of teleportation
Potions
 d - 2 potions of brilliance {unknown}
 f - 3 potions of heal wounds
 g - 3 potions of curing {unknown}
 h - a potion of berserk rage {unknown}
 i - 2 potions of flight {unknown}
 n - a potion of agility {unknown}
 q - a potion of magic {unknown}
 r - a potion of resistance {unknown}
 t - a potion of haste {unknown}
Books
 c - a book of Maledictions

   Spells                             Type                      Level
   a - Corona                         Hexes                        1
   b - Ensorcelled Hibernation        Hexes/Ice                    2
   c - Confuse                        Hexes                        3
   d - Tukima's Dance                 Hexes                        3
   e - Dazzling Spray                 Conjuration/Hexes            3
 v - a book of Misfortune

   Spells                             Type                      Level
   a - Confusing Touch                Hexes                        1
   b - Confuse                        Hexes                        3
   c - Gell's Gravitas                Hexes/Translocation          3
   d - Petrify                        Transmutation/Earth          4
   e - Metabolic Englaciation         Hexes/Ice                    5
   f - Yara's Violent Unravelling     Hexes/Transmutation          5
Comestibles
 m - 3 bread rations


   Skills:
 - Level 5.1 Short Blades
 - Level 3.0 Dodging
 - Level 8.2 Stealth
 * Level 3.4 Spellcasting
 + Level 3.9 Hexes


You had 5 spell levels left.
You knew the following spells:

 Your Spells              Type           Power        Failure   Level  Hunger
a - Corona                Hex            ###....      4%          1    None
b - Ensorcelled Hibernat  Hex/Ice        #.....       14%         2    ##.....
c - Confuse               Hex            ###.....     12%         3    ###....


Dungeon Overview and Level Annotations

Branches:
Dungeon (5/15)
 Temple: D:4-7

Altars:
Xom


Innate Abilities, Weirdness & Mutations

You are very small and have problems with some larger weapons.
You are too small for most types of armour.
You have supernaturally acute eyesight. (SInv)
You are a herbivore.
You cover ground extremely quickly.
You need consume almost no food.


Message History

Confirm with . or Enter, or press ? or * to list all spells.
Aiming: Ensorcelled Hibernation
Press: ? - help, Shift-Dir - straight line, f - shadow imp
Aim: a shadow imp (not susceptible)
Okay, then.
You hit the shadow imp but do no damage.
The shadow imp closely misses you.
You hit the shadow imp.
The shadow imp is moderately wounded.
The shadow imp picks up a beetle and eats it.
The shadow imp hits you but does no damage.
You hit the shadow imp.
The shadow imp is heavily wounded.
The shadow imp spits at you. The shadow imp hits you.
You hit the shadow imp.
The shadow imp is severely wounded.
The shadow imp gestures at you. Pain shoots through your body!
You die...

.. #+#..###.#.# .
##.##.....# # ###.
##.8.##..###.#
...##.....##.....#
####.##...+...##.####
#....#...#+#...#.#
#....'8.##.##.8'.#
#....#.##$..##.#.#
#....###.@)..###.#
####....##^..5...##.#
........#...####..#.#
####......#.# ...#
#...##.#.# .## ##.#
#.#.# #. #.#.# #.
#.#.# #. #.#.#


You could see a shadow imp.

Vanquished Creatures
  A centaur (D:5)
  A howler monkey (D:4)
  A hound (D:5)
  A bullfrog skeleton (D:4)
  2 orc wizards (D:4)
  6 adders
  An ooze (D:1)
  4 worms (D:2)
  3 dart slugs
  3 leopard geckos
  5 orcs
  2 ball pythons
  5 giant cockroaches
  9 hobgoblins
  11 jackals
  9 kobolds
  4 quokkas
  11 bats
  8 frilled lizards
  7 goblins
  A quokka skeleton (D:4)
  4 rats
99 creatures vanquished.

Notes
Turn   | Place    | Note
-------+----------+-------------------------------------------
     0 | D:1      | Melicamp the Spriggan Enchanter began the quest for the Orb.
     0 | D:1      | Reached XP level 1. HP: 9/9 MP: 5/5
   112 | D:1      | Reached skill level 5 in Stealth
   123 | D:1      | Reached XP level 2. HP: 6/13 MP: 6/6
   151 | D:1      | Learned a level 2 spell: Ensorcelled Hibernation
  1034 | D:1      | Reached XP level 3. HP: 16/16 MP: 0/8
  1649 | D:1      | Reached skill level 6 in Stealth
  2321 | D:2      | Reached XP level 4. HP: 10/21 MP: 0/9
  2912 | D:2      | Reached skill level 7 in Stealth
  3537 | D:3      | Found a shimmering altar of Xom.
  3739 | D:3      | Learned a level 3 spell: Confuse
  4154 | D:3      | Reached XP level 5. HP: 24/24 MP: 10/10
  4466 | D:4      | Reached skill level 8 in Stealth
  5094 | D:4      | Reached XP level 6. HP: 28/28 MP: 11/11
  5456 | D:5      | Entered Level 5 of the Dungeon
  5483 | D:5      | Reached skill level 5 in Short Blades
  5655 | D:5      | Killed from afar by a shadow imp

Skill      XL: |  1  2  3  4  5  6 |
---------------+-------------------+-----
Stealth        | 5 6 7 8 |  8.2
Short Blades   | 2 3 4 5 |  5.1
Spellcasting   | 3 |  3.4
Dodging        | |  3.0
Hexes          | |  3.9

Action                   |  1- 3 |  4- 6 || total
-------------------------+-------+-------++-------
Melee: Dagger            |   214 |   110 ||   324
       Rapier            |       |    69 ||    69
 Cast: Corona            |     1 |       ||     1
       Ensorcelled Hiber |    36 |    16 ||    52
       Confuse           |       |     6 ||     6
  Use: Scroll            |     3 |     4 ||     7
 Stab: Sleeping          |    19 |    26 ||    45
       Distracted        |     2 |       ||     2
       Confused          |       |     4 ||     4
  Eat: Fruit             |     1 |     1 ||     2
       Bread ration      |       |     1 ||     1
Armor: Robe              |    37 |    17 ||    54
Dodge: Dodged            |   229 |   118 ||   347
